 Dungeon Crawl Stone Soup version 0.16-a0-1083-g6a3eec8 (console) character file.

90 MrRokkomies the Grasshopper (level 4, 0/35 HPs)
             Began as a Demonspawn Warper on Oct 5, 2014.
             Slain by an orc wizard
             ... wielding a +0 dagger
              (1 damage)
             ... on level 3 of the Dungeon.
             The game lasted 00:11:21 (2856 turns).

MrRokkomies the Grasshopper (Demonspawn Warper)     Turns: 2856, Time: 00:11:23

HP   0/35        AC  3     Str  8 (11) XL: 4   Next: 32%
MP   6/7         EV 10     Int 16      God:
Gold 115         SH  0     Dex 12      Spells:  3 memorised,  2 levels left

rFire  . . .     SeeInvis .     a - +0 falchion
rCold  . . .     Clarity  .     b - +0 leather armour
rNeg   . . .     rCorr    .     (no shield)
rPois  .         rRot     .     (no helmet)
rElec  .         Spirit   .     (no cloak)
SustAb .         Warding  .     (no gloves)
rMut   .         Stasis   .     (no boots)
Gourm  .                        (no amulet)
MR     .....                    (no ring)
                                k - ring of flight

@: not resistant to hostile enchantments, unstealthy
A: demonic guardian 1, nightstalker 1
a: Evoke Flight


You were on level 3 of the Dungeon.
You were hungry.

You visited 1 branch of the dungeon, and saw 3 of its levels.

You collected 115 gold pieces.

Inventory:

Hand weapons
 a - a +0 falchion (weapon)
Missiles
 d - 17 stones (quivered)
Armour
 b - a +0 leather armour (worn)
Magical devices
 e - a wand of random effects (1)
 m - a wand of magic darts (17)
Comestibles
 f - 2 bread rations
 i - 3 fruits
 o - a meat ration
Scrolls
 g - 2 scrolls of recharging
 j - a scroll of fog
 l - 3 scrolls of teleportation
Jewellery
 k - a ring of flight (left hand)
Books
 c - a book of Spatial Translocations

   Spells                             Type                      Level
   *Apportation                       Translocation                1
   *Blink                             Translocation                2
   *Shroud of Golubria                Charms/Translocation         2
   Portal Projectile                  Translocation                3
   Teleport Other                     Translocation                3
   Passage of Golubria                Translocation                4
 h - a book of Party Tricks

   Spells                             Type                      Level
   Summon Butterflies                 Summoning                    1
   *Apportation                       Translocation                1
   *Blink                             Translocation                2
   Tukima's Dance                     Hexes                        3
   Alistair's Intoxication            Transmutation/Poison         4


   Skills:
 * Level 3.4 Fighting
 - Level 1.7 Long Blades
 - Level 0.8 Throwing
 - Level 0.8 Armour
 - Level 1.7 Dodging
 - Level 2.0 Spellcasting
 * Level 3.9 Translocations


You had 2 spell levels left.
You knew the following spells:

 Your Spells              Type           Power        Failure   Level  Hunger
a - Apportation           Tloc           ##........   6%          1    #......
b - Blink                 Tloc           N/A          10%         2    ###....
c - Shroud of Golubria    Chrm/Tloc      #.........   17%         2    ###....


Dungeon Overview and Level Annotations

Branches:
Dungeon (3/15)

Altars:

Annotations:
D:2 Sigmund
D:3 Grinder


Innate Abilities, Weirdness & Mutations

A weak demonic guardian rushes to your aid.
You are slightly more attuned to the shadows.


Message History

Anything else - Stay silent.
Gang up on whom?
Press: ? - help, Dir - move target cursor, f - orc priest
Aim: an orc priest Attack!
The orc completely misses you.
The orc wizard points at you and mumbles some strange words.
The puff of flame hits you!
The orc priest invokes the aid of Beogh against you.
Something smites you!
* * * LOW HITPOINT WARNING * * *
Unknown command.
Drink which item? (? for menu, Esc to quit)
There was something very wrong with that liquid!
You feel weakened.
It was a potion of degeneration.
The orc hits you with a dagger.
* * * LOW HITPOINT WARNING * * *
The orc hits you with a short sword.
* * * LOW HITPOINT WARNING * * *
The orc wizard hits you with a dagger.
You die...

... #.# #.#....
....##.####.##### .
..................
........##.####.#####
.................####
#o####.##...........
###55....##.....#..##.
###...oo.#.##...........
......o@(....(..........
#####.####.#.....#.#.##.
# ###.....#.#.##.
#.....#.#..##
#.....#.##.## #.....#.#
..# #######.# #.# . .#


You could see an orc priest, an orc wizard, 2 orcs, a friendly quasit and a
friendly crimson imp.

Vanquished Creatures
  The ghost of asdu the Slasher, a weakling VSWr (D:3)
  Ijyb (D:3)
  An adder (D:1)
  3 worms (D:2)
  A giant gecko (D:1)
  An orc (D:3)
  2 bats (D:1)
  3 hobgoblins (D:1)
  3 kobolds
  A ball python (D:1)
  A giant newt (D:3)
  7 goblins
  3 rats
28 creatures vanquished.

Vanquished Creatures (collateral kills)
  A giant gecko (D:1)
1 creature vanquished.

Vanquished Creatures (others)
  A crimson imp (D:1)
  An iron imp (D:2)
  An ufetubus (D:3)
3 creatures vanquished.

Grand Total: 32 creatures vanquished

Notes
Turn   | Place    | Note
--------------------------------------------------------------
     0 | D:1      | MrRokkomies, the Demonspawn Warper, began the quest for the Orb.
     0 | D:1      | Reached XP level 1. HP: 16/16 MP: 3/3
   458 | D:1      | Reached skill level 3 in Translocations
   463 | D:1      | Gained mutation: A weak demonic guardian rushes to your aid. [demonic ancestry]
   463 | D:1      | Reached XP level 2. HP: 15/22 MP: 4/4
   978 | D:1      | Learned a level 2 spell: Blink
   981 | D:1      | Learned a level 2 spell: Shroud of Golubria
  1423 | D:2      | Noticed Sigmund
  1439 | D:2      | Reached XP level 3. HP: 18/28 MP: 4/6
  2378 | D:3      | Noticed asdu's ghost (weakling VSWr)
  2392 | D:3      | Killed asdu's ghost
  2409 | D:3      | Noticed Ijyb
  2465 | D:3      | Killed Ijyb
  2465 | D:3      | Gained mutation: You are slightly more attuned to the shadows. [demonic ancestry]
  2465 | D:3      | Reached XP level 4. HP: 16/35 MP: 1/7
  2831 | D:3      | Noticed Grinder
  2856 | D:3      | HP: 1/35 [orc/short sword (3)]
  2856 | D:3      | Slain by an orc wizard

Action                   |  1- 3 |  4- 6 || total
-------------------------+-------+-------++-------
Melee: Falchion          |   145 |    13 ||   158
Throw: Tomahawk          |     5 |       ||     5
       Stone             |     2 |       ||     2
 Cast: Shroud of Golubri |    10 |     1 ||    11
       Blink             |     1 |       ||     1
Evoke: Wand              |     9 |     1 ||    10
  Use: Scroll            |     4 |       ||     4
       Potion            |     1 |     1 ||     2
 Stab: Sleeping          |       |     1 ||     1
  Eat: Chunk             |     2 |     2 ||     4
       Fruit             |     1 |       ||     1
       Beef jerky        |     1 |       ||     1
